 Dungeon Crawl Stone Soup version 0.18-a0-965-g9200175 (webtiles) character file.

406 M4edhros the Sneak (level 6, -3/38 HPs)
             Began as an Octopode Artificer on Jan 1, 2016.
             Was a Priest of Fedhas.
             Killed by nerve-wracking pain
             ... invoked by a shadow imp
              (4 damage)
             ... on level 5 of the Dungeon.
             The game lasted 00:13:10 (4306 turns).

M4edhros the Sneak (Octopode Artificer)             Turns: 4306, Time: 00:13:10

Health: -3/38      AC:  1    Str: 10    XL:     6   Next: 87%
Magic:  9/9        EV: 11    Int: 17    God:    Fedhas [***...]
Gold:   236        SH:  8    Dex: 12    Spells: 0 memorised, 5 levels left

rFire  . . .     SeeInvis .     r - +1 short sword (flame)
rCold  + . .     Gourm    .     e - +0 shield
rNeg   + . .     Faith    .     (helmet restricted)
rPois  .         Spirit   .     (no amulet)
rElec  .         Dismiss  .     s - ring of protection from cold
rCorr  .         Reflect  .     x - ring of positive energy
SustAt .         Harm     .     (no ring)
MR     .....                    (no ring)
Stlth  ++++......               (no ring)
                                (no ring)
                                (no ring)
                                (no ring)

@: not resistant to hostile enchantments, stealthy
A: almost no armour, amphibious, 8 rings, constrict 8, camouflage 1, gelatinous
body 1
a: Evolution, Sunlight, Growth, Renounce Religion


You were on level 5 of the Dungeon.
You worshipped Fedhas.
Fedhas was most pleased with you.
You were very hungry.

You visited 2 branches of the dungeon, and saw 6 of its levels.

You collected 236 gold pieces.

Inventory:

Hand Weapons
 a - a +0 short sword
 i - a +0 blowgun
 r - a +1 short sword of flaming (weapon)
Missiles
 j - 43 poisoned needles
 k - 9 sling bullets of flame
 t - 21 sling bullets
 z - 156 stones (quivered)
Armour
 e - a +0 shield (worn)
Jewellery
 s - a ring of protection from cold (left tentacle)
 x - a ring of positive energy (right tentacle)
Wands
 b - a wand of flame (11/48)
 c - a wand of enslavement (12/24)
 d - a wand of random effects (10/48)
Scrolls
 l - 2 scrolls of fog {unknown}
 n - a scroll of teleportation {unknown}
 o - 2 scrolls of identify {unknown}
 q - 3 scrolls of immolation {unknown}
 y - a scroll of noise {unknown}
 A - 2 scrolls of remove curse {unknown}
Potions
 p - a potion of cancellation
 u - a potion of might
Books
 m - the Compendium of Hexes and Companions
   (You found it on level 4 of the Dungeon)

   Spells                             Type                      Level
   a - Summon Butterflies             Summoning                    1
   b - Call Imp                       Summoning                    2
   c - Confuse                        Hexes                        3
   d - Tukima's Dance                 Hexes                        3
   e - Leda's Liquefaction            Hexes/Earth                  4
   f - Summon Ice Beast               Ice/Summoning                4
Comestibles
 f - 3 bread rations
 g - 3 beef jerkies
 h - 8 fruits


   Skills:
 - Level 1.0 Fighting
 - Level 1.0 Short Blades
 + Level 4.2 Dodging
 + Level 5.3 Stealth
 * Level 2.8 Shields
 + Level 1.4 Invocations
 + Level 4.1 Evocations


You had 5 spell levels left.
You didn't know any spells.

Dungeon Overview and Level Annotations

Branches:
Dungeon (5/15)             Temple (1/1) D:4

Altars:
Ashenzari
Dithmenos
Elyvilon
Fedhas
Kikubaaqudgha
Pakellas
Qazlal
Ru
Sif Muna
Xom
Yredelemnul
The Shining One


Innate Abilities, Weirdness & Mutations

You cannot wear most types of armour.
You are amphibious.
You can wear up to eight rings at the same time.
You can use your tentacles to constrict eight enemies at once.
Your skin changes colour to match your surroundings (Stealth).
Your rubbery body absorbs attacks (AC +1).


Message History

Pain shoots through your body!
You see here an arrow.
The centaur shoots an arrow.
The arrow barely misses you.
You see here an arrow.
The centaur shoots an arrow.
The arrow hits you!
You see here an arrow.
The centaur shoots an arrow.
The arrow hits you.
Your wandering mushroom barely misses the shadow imp.
Your wandering mushroom releases spores at the shadow imp.
The shadow imp is engulfed in a cloud of spores!
The centaur shoots an arrow.
The arrow hits you!
* * * LOW HITPOINT WARNING * * *
Drink which item? (? for menu, Esc to quit)
Okay, then.
You swap places.
Your wandering mushroom barely misses the shadow imp.
The shadow imp gestures at you. Pain shoots through your body!
You die...
Fedhas appreciates your contribution to the ecosystem.

#. #.# # #. #.#
.# #. #.# .#
#.####.###.# #
#..........#%###
#....>........#
##c###..........
#f5.((.###.#.#..
#.#####@f##### #
#.......#
#.######.##
#.......# #.
#.......###...##
#......<....<...
#........<###...#
###.....(......##
#.......######


You could see a centaur, a shadow imp and 2 friendly wandering mushrooms.

Vanquished Creatures
  A phantom (D:4)
  The ghost of HunterMK1337 the Slasher, a weakling FoFi (D:3)
  An orc wizard (D:4)
  2 iguanas (D:4)
  2 worker ants (D:4)
  3 adders
  An ooze (D:1)
  5 worms
  10 orcs
  5 giant cockroaches
  5 goblins
  4 hobgoblins
  6 jackals
  A quokka (D:2)
  2 ball pythons (D:1)
  5 bats
  A giant gecko skeleton (D:4)
  6 giant newts
  A jackal skeleton (D:4)
  23 kobolds
  A quokka skeleton (D:4)
  6 rats
92 creatures vanquished.

Vanquished Creatures (collateral kills)
  3 adders
  6 orcs
  A goblin (D:3)
  4 kobolds (D:4)
14 creatures vanquished.

Vanquished Creatures (others)
  A big kobold (D:4)
  A kobold (D:4)
  3 plants (D:4)
  81 toadstools
86 creatures vanquished.

Grand Total: 192 creatures vanquished

Notes
Turn   | Place    | Note
--------------------------------------------------------------
     0 | D:1      | M4edhros the Octopode Artificer began the quest for the Orb.
     0 | D:1      | Reached XP level 1. HP: 13/13 MP: 3/3
   158 | D:1      | Reached XP level 2. HP: 18/18 MP: 4/4
   481 | D:3      | Reached XP level 3. HP: 19/23 MP: 5/5
   539 | D:3      | Found a glowing golden altar of the Shining One.
   615 | D:4      | Noticed a phantom
   665 | D:4      | Found a shattered altar of Ashenzari.
   678 | D:4      | Reached skill level 1 in Shields
   678 | D:4      | Reached XP level 4. HP: 14/28 MP: 6/6
   849 | D:4      | Found a staircase to the Ecumenical Temple.
   883 | Temple   | Entered the Ecumenical Temple
   925 | Temple   | Became a worshipper of Xom of Chaos
   941 | Temple   | Fell from the grace of Xom
   941 | Temple   | Became a worshipper of Fedhas Madash
  1234 | D:2      | Reached skill level 4 in Stealth
  1234 | D:2      | Reached XP level 5. HP: 23/33 MP: 7/7
  1686 | D:1      | Reached * piety under Fedhas
  1993 | D:1      | XOM: noise
  2785 | D:3      | Noticed HunterMK1337's ghost (weakling FoFi)
  2845 | D:3      | Killed HunterMK1337's ghost
  3447 | D:4      | Noticed a big kobold
  3476 | D:4      | Reached XP level 6. HP: 14/38 MP: 8/8
  3527 | D:4      | Reached ** piety under Fedhas
  3638 | D:4      | Killed a phantom
  3638 | D:4      | Reached skill level 5 in Stealth
  3866 | D:4      | Identified the Compendium of Hexes and Companions
  3978 | D:4      | Reached skill level 1 in Invocations
  3979 | D:4      | Reached *** piety under Fedhas
  3985 | D:4      | XOM: mild Hex miscast
  4276 | D:5      | Entered Level 5 of the Dungeon
  4305 | D:5      | HP: 1/38 [centaur/arrow (12)]
  4306 | D:5      | Killed from afar by a shadow imp

Vault maps used:
D:1:      tarquinn_simple_flora_water_b, st_stairs_6
D:2:      first_bread, grunt_ministairs_10
D:3:      overflow_temple_1_default
D:4:      kennysheep_kobold_camp, minmay_temple_entry_crystal_x,
          evilmike_ruin_ashenzari
D:5:      minmay_door_square
Temple:   triangle_lava_temple_11

Action                   |  1- 3 |  4- 6 || total
-------------------------+-------+-------++-------
Melee: Short sword       |    55 |   160 ||   215
Throw: Stone             |       |     1 ||     1
Invok: Evolution         |       |     2 ||     2
Evoke: Wand              |     3 |     9 ||    12
  Use: Potion            |       |     8 ||     8
       Scroll            |       |     3 ||     3
 Stab: Sleeping          |     4 |    15 ||    19
       Distracted        |       |     1 ||     1
  Eat: Bread ration      |       |     2 ||     2
       Pizza             |       |     1 ||     1
